Map: [ESL] Moondance

Players

Creator - Winner!

  • Race: Protoss Protoss
  • Spawn Location: 12:00

Neeb

  • Race: Protoss Protoss
  • Spawn Location: 6:00

Event: DreamHack SC2 Masters 2022 Valencia

VOD

Have the link to the VOD?

Description

Time

  • Played on: July 3, 2022, 7:07 a.m.
  • Length: 9:48

All games in this series

Show
View Real Time Build Order
Export as new Build Order

Creator Protoss - Winner!

Build Orders: 1 Gate Expand, Phoenix Opening 

Get SALT Encoding   

  12  0:00  Probe  
  13  0:12  Probe  
  14  0:17  Pylon  
  14  0:24  Probe (Chrono Boost)  
  15  0:36  Probe (Chrono Boost), Gateway  
  16  0:44  Probe (Chrono Boost)  
  16  0:48  Assimilator  
  17  0:51  Probe  
  18  1:03  Probe  
  19  1:15  Probe  
  20  1:21  Nexus  
  20  1:32  Cybernetics Core  
  20  1:35  Probe  
  21  1:41  Assimilator  
  21  1:47  Probe  
  21  1:50  Pylon  
  22  1:59  Probe  
  23  2:06  Stalker (Chrono Boost)  
  23  2:11  Probe  
  26  2:23  Probe  
  26  2:25  Pylon  
  26  2:29  Adept  
  29  2:31  Stargate  
  29  2:37  Shield Battery  
  29  2:42  Warp Gate  
  29  2:43  Probe  
  30  2:44  Probe  
  31  2:55  Probe  
  31  2:56  Probe  
  33  3:01  Stalker  
  35  3:11  Shield Battery  
  35  3:14  Phoenix (Chrono Boost)  
  37  3:21  Probe x2  
  38  3:31  Stalker  
  38  3:33  Probe x2  
  42  3:35  Phoenix (Chrono Boost)  
  42  3:39  Pylon  
  44  3:46  Probe x2  
  46  3:56  Phoenix  
  46  3:58  Probe x2 (Chrono Boost)  
  52  4:10  Pylon, Probe x2 (Chrono Boost)  
  52  4:15  Probe x2 (Chrono Boost)  
  53  4:20  Twilight Council  
  53  4:24  Probe  
  53  4:28  Probe  
  53  4:31  Nexus  
  55  4:38  Probe  
  56  4:40  Probe  
  57  4:48  Blink (Chrono Boost), Gateway x2  
  56  4:56  Probe x2  
  58  5:01  Stalker  
  58  5:04  Assimilator  
  60  5:09  Assimilator  
  60  5:10  Pylon  
  60  5:15  Forge  
  60  5:19  Robotics Facility  
  61  5:21  Probe  
  61  5:22  Probe  
  62  5:30  Pylon  
  62  5:33  Sentry, Probe (Chrono Boost)  
  66  5:39  Probe (Chrono Boost)  
  66  5:44  Probe (Chrono Boost)  
  66  5:47  Stalker x2, Probe (Chrono Boost)  
  66  5:49  Protoss Ground Weapons Level 1 (Chrono Boost), Probe x2 (Chrono Boost)  
  73  5:55  Probe  
  75  5:58  Probe  
  75  5:59  Stalker, Probe  
  79  6:07  Observer  
  79  6:09  Pylon  
  79  6:10  Stalker  
  82  6:12  Probe x3  
  82  6:15  Stalker  
  87  6:23  Gateway  
  87  6:25  Gateway  
  87  6:26  Gateway  
  87  6:28  Sentry, Assimilator  
  89  6:36  Zealot  
  89  6:38  Zealot  
  89  6:45  Probe x3  
  83  6:48  Immortal  
  83  6:53  Stalker  
  82  7:02  Stalker x2  
  82  7:03  Probe  
  82  7:07  Charge, Probe  
  88  7:13  Probe  
  89  7:19  Pylon  
  89  7:24  Gateway  
  89  7:25  Shield Battery, Zealot  
  89  7:29  Stalker  
  93  7:31  Stalker  
  93  7:35  Templar Archives  
  95  7:44  Probe x3  
  95  7:45  Observer  
  95  7:50  Zealot x3  
  105  7:59  Pylon  
  105  8:06  Warp Prism, Zealot  
  109  8:14  Pylon  
  109  8:15  Pylon  
  109  8:17  Pylon  
  109  8:25  High Templar  
  109  8:26  High Templar, Zealot x3  
  117  8:30  Archon  
  117  8:31  Pylon  
  117  8:34  High Templar x2  
  117  8:39  Archon, Gateway  
  121  8:42  Nexus  
  121  8:59  Zealot x5  
  115  9:21  Stalker x7  
  119  9:36  Stalker  
  119  9:44  Stalker x6  
Show
View Real Time Build Order
Export as new Build Order

Neeb Protoss 

Build Orders: Oracle Opening 

Get SALT Encoding   

  12  0:00  Probe  
  13  0:12  Probe  
  14  0:17  Pylon  
  14  0:24  Probe (Chrono Boost)  
  15  0:36  Probe (Chrono Boost)  
  15  0:37  Gateway  
  16  0:44  Probe (Chrono Boost)  
  16  0:47  Assimilator  
  17  0:51  Probe  
  17  0:54  Assimilator  
  18  1:03  Probe (Chrono Boost)  
  19  1:06  Gateway  
  19  1:13  Probe (Chrono Boost)  
  19  1:18  Probe (Chrono Boost)  
  20  1:25  Cybernetics Core  
  21  1:30  Probe  
  22  1:35  Pylon  
  22  1:42  Probe  
  23  1:54  Probe  
  23  2:00  Stalker  
  23  2:01  Stalker  
  28  2:02  Warp Gate  
  28  2:23  Stargate  
  28  2:29  Pylon  
  28  2:32  Probe  
  29  2:44  Probe  
  30  2:52  Nexus  
  30  2:57  Probe  
  31  3:04  Oracle (Chrono Boost)  
  31  3:09  Probe  
  35  3:13  Pylon  
  35  3:21  Probe  
  36  3:33  Oracle, Probe  
  40  3:40  Shield Battery  
  40  3:45  Probe  
  40  3:48  Pylon  
  41  3:57  Shield Battery  
  41  4:01  Twilight Council  
  39  4:04  Stalker x2  
  39  4:08  Probe  
  43  4:10  Probe  
  44  4:20  Probe  
  44  4:22  Probe (Chrono Boost)  
  46  4:27  Stalker x2  
  50  4:35  Probe (Chrono Boost)  
  50  4:36  Blink (Chrono Boost)  
  52  4:38  Probe (Chrono Boost)  
  52  4:42  Probe (Chrono Boost)  
  54  4:46  Probe (Chrono Boost)  
  54  4:49  Pylon, Probe  
  55  4:55  Stalker  
  55  4:57  Probe  
  58  5:00  Stalker  
  58  5:04  Gateway  
  58  5:06  Gateway  
  60  5:15  Assimilator  
  60  5:16  Probe  
  61  5:24  Nexus  
  61  5:29  Stalker  
  61  5:32  Stalker  
  65  5:39  Probe  
  65  5:40  Probe  
  67  5:45  Pylon  
  67  5:52  Probe  
  68  5:57  Stalker x2  
  68  6:03  Stalker x2, Pylon, Probe  
  77  6:13  Pylon  
  77  6:17  Probe  
  78  6:21  Stalker x2  
  78  6:22  Gateway  
  82  6:26  Stalker  
  81  6:40  Probe  
  81  6:46  Probe  
  74  6:52  Stalker x2  
  70  6:54  Probe  
  62  7:02  Probe (Chrono Boost)  
  62  7:03  Stalker x2  
  62  7:04  Probe (Chrono Boost)  
  62  7:07  Probe (Chrono Boost)  
  67  7:11  Forge  
  67  7:14  Probe (Chrono Boost)  
  67  7:15  Stalker, Probe (Chrono Boost)  
  72  7:16  Stalker  
  72  7:17  Probe (Chrono Boost)  
  72  7:19  Probe (Chrono Boost)  
  72  7:21  Probe (Chrono Boost), Assimilator  
  75  7:23  Assimilator  
  75  7:27  Gateway  
  75  7:29  Stalker x2, Gateway  
  80  7:41  Protoss Ground Weapons Level 1 (Chrono Boost)  
  80  7:43  Probe x3  
  80  7:45  Pylon  
  80  7:46  Stalker x2  
  84  7:52  Stalker x2  
  84  7:55  Pylon  
  88  8:06  Nexus  
  88  8:08  Pylon  
  88  8:11  Stalker  
  88  8:12  Stalker  
  92  8:24  Stalker x4  
  98  8:30  Probe x2  
  98  8:31  Probe  
  98  8:32  Shield Battery  
  101  8:35  Shield Battery  
  101  8:37  Robotics Facility  
  101  8:38  Stalker  
  101  8:40  Stalker  
  105  8:42  Probe x2  
  105  8:47  Probe  
  103  8:55  Probe  
  104  9:06  Stalker x6  
  80  9:30  Stalker x6  
  86  9:32  Probe  
  86  9:35  Probe  

Tags
 
Add a new tag
Caveats
  • Supply blocks, unpowered buildings, or Contaminate may cause inaccurate times.
  • Supply counts are checked every 10 seconds.